 Dungeon Crawl Stone Soup version 0.28-a0-1510-gd0f6b136d3 (webtiles) character file.

Game seed: 16236319543954373815

356 croobank the Insei (level 6, -1/51 HPs)
             Began as a Draconian Transmuter on Jan 14, 2022.
             Was a Follower of Vehumet.
             Shot with an arrow by a centaur (7 damage)
             ... on level 4 of the Dungeon.
             The game lasted 00:22:51 (4089 turns).

croobank the Insei (Draconian Transmuter)           Turns: 4089, Time: 00:22:53

Health: -1/51      AC:  8    Str: 13    XL:     6   Next: 36%
Magic:  10/10      EV: 13    Int: 13    God:    Vehumet [*.....]
Gold:   104        SH:  0    Dex: 13    Spells: 7/11 levels left

rFire   + . .      SeeInvis .   a - +1 short sword (flame)
rCold   + . .      Faith    .   (no shield)
rNeg    + . .      Spirit   .   (armour unavailable)
rPois   .          Reflect  .   (helmet restricted)
rElec   .          Harm     .   p - scarf {rC+ rF+}
rCorr   +          Rampage  .   i - +0 pair of gloves
Will    .....                   y - +0 pair of boots
Stlth   +.........              (no amulet)
HPRegen 0.17/turn               m - ring of resist corrosion
MPRegen 0.12/turn               r - ring of positive energy

@: attractive
A: AC +6, unfitting armour, cold-blooded
a: Renounce Religion


You were on level 4 of the Dungeon.
You worshipped Vehumet.
Vehumet was aware of your devotion.
You visited 1 branch of the dungeon, and saw 4 of its levels.

You collected 148 gold pieces.
You spent 44 gold pieces at shops.

Inventory:

Hand Weapons
 a - a +1 short sword of flaming (weapon)
 b - a +0 hunting sling
 t - a +0 rapier
 B - a +0 rapier
Missiles
 d - 165 stones
 e - 104 bolts
 h - 97 arrows
 l - 69 sling bullets
Armour
 i - a +0 pair of gloves (worn)
 p - a scarf of resistance (worn)
 y - a +0 pair of boots (worn)
Magical Staves
 o - a staff of cold
Jewellery
 m - a ring of resist corrosion (left hand)
 r - a ring of positive energy (right hand)
Scrolls
 c - a scroll of blinking
 f - a scroll of enchant armour {unknown}
 g - a scroll of magic mapping {unknown}
 n - a scroll of identify {unknown}
 s - a scroll of teleportation {unknown}
 u - a scroll of fog {unknown}
 v - a scroll of amnesia {unknown}
 w - a scroll of brand weapon {unknown}
 z - a scroll of vulnerability {unknown}
 C - a scroll of enchant weapon {unknown}
Potions
 k - a potion of attraction
 q - a potion of heal wounds {unknown}
 x - a potion of might
 A - 2 potions of flight {unknown}
 D - a potion of berserk rage {unknown}


   Skills:
 + Level 3.3 Fighting
 + Level 3.1 Dodging
 + Level 4.1 Unarmed Combat
 + Level 3.2 Spellcasting
 + Level 3.4 Transmutations


You had 7 spell levels left.
You knew the following spells:

 Your Spells              Type           Power      Damage    Failure   Level
a - Beastly Appendage     Tmut           22%        N/A       5%          1
b - Wereblood             Tmut           11%        N/A       9%          2
c - Magic Dart            Conj           8%         1d3       22%         1

Your spell library contained the following spells:

 Spells                   Type           Power      Damage    Failure   Level
 Animate Skeleton         Necr           4%         N/A       22%         1
 Spider Form              Tmut/Pois      6%         N/A       32%         3
 Ignite Poison            Fire/Tmut/Pois 5%         N/A       38%         3
 Conjure Flame            Conj/Fire      2%         6-21      56%         3
 Ice Form                 Ice/Tmut       6%         N/A       73%         4
 Sticky Flame             Conj/Fire      2%         2d3       92%         4


Dungeon Overview and Level Annotations

Branches:
Dungeon (4/15)
 Temple: D:4-7

Altars:
Ru
Vehumet

Shops:
D:4 [!


Innate Abilities, Weirdness & Mutations

Your plain brown scales are hard. (AC +6)
You cannot fit into any form of body armour.
You are cold-blooded and may be slowed by cold attacks.


Message History

The centaur barely misses you. The centaur closely misses you.
The centaur hits you but does no damage.
The centaur kicks you but does no damage.
You closely miss the centaur.
Your tail-slap misses the centaur.
The centaur is severely wounded.
The centaur barely misses you. x2
The centaur hits you but does no damage.
The centaur barely misses you. The centaur hits you.
* * * LOW HITPOINT WARNING * * *
The centaur barely misses you. The centaur misses you.
The centaur kicks you but does no damage.
The centaur wields a +0 shortbow.
The centaur shoots an arrow.
The arrow hits you.
* * * LOW HITPOINT WARNING * * *
The centaur wields a +0 shortbow.
The centaur shoots an arrow.
The arrow hits you!
* * * LOW HITPOINT WARNING * * *
It was a potion of curing.
You feel better.
The centaur unwields a +0 shortbow.
The centaur hits you but does no damage.
The centaur kicks you but does no damage.
You feel better.
The centaur shoots an arrow.
The arrow hits you!
* * * LOW HITPOINT WARNING * * *
The centaur closely misses you.
The centaur kicks you but does no damage.
The centaur shoots an arrow.
The arrow closely misses you.
Okay, then.
Unknown command.
It was a potion of attraction.
You feel attractive to monsters. The centaur barely misses you.
The centaur kicks you but does no damage.
The centaur shoots an arrow.
The arrow barely misses you. The centaur is attracted toward you.
Blink to where?
Press: ? - help, Dir - move target
As you read the scroll labelled OSYKLE KOKONOH, it crumbles to dust.
It was a scroll of blinking.
The centaur shoots an arrow.
The arrow hits you.
* * * LOW HITPOINT WARNING * * *
The centaur shoots an arrow.
The arrow hits you!
You die...

... ....# ####.#
##.# ...# #.....
# #..c##..#
#..... #.
#...#§#####.....
.
#:#§cc?........#
#. ..
#.#..#########
#.## ..##..#
#..##.##...#
#.@.....###
#########


You could see 2 centaurs.

Vanquished Creatures
  An ogre (D:4)
  A howler monkey (D:4)
  A jelly (D:4)
  A hound (D:4)
  2 orc wizards (D:4)
  2 adders (D:2)
  An adder skeleton (D:2)
  3 worms
  A dart slug (D:2)
  4 orcs
  12 ball pythons
  7 endoplasms
  4 giant cockroaches
  4 goblins
  6 hobgoblins
  6 jackals
  10 quokkas
  7 bats
  2 frilled lizards
  5 kobolds
  9 rats
89 creatures vanquished.

Notes
Turn   | Place    | Note
-------+----------+-------------------------------------------
     0 | D:1      | croobank the Draconian Transmuter began the quest for the
                  | Orb.
     0 | D:1      | Reached XP level 1. HP: 16/16 MP: 3/3
   346 | D:1      | Reached XP level 2. HP: 17/23 MP: 3/5
   429 | D:1      | Learned a level 2 spell: Wereblood
   464 | D:1      | Found a faded altar of an unknown god.
   472 | D:1      | Got Plato's Almanac of Stolen Souls
   953 | D:1      | Reached XP level 3. HP: 29/29 MP: 4/6
  1621 | D:2      | Reached XP level 4. HP: 36/36 MP: 7/7
  2024 | D:2      | Found a radiant altar of Vehumet.
  2034 | D:2      | Became a worshipper of Vehumet
  2203 | D:2      | Identified the +1 ring mail "Ciacir" {Rampage +Blink Str-3}
  3148 | D:4      | Reached XP level 5. HP: 42/42 MP: 7/9
  3174 | D:4      | Found a sacrificial altar of Ru.
  3256 | D:4      | Reached * piety under Vehumet
  3256 | D:4      | Offered knowledge of Magic Dart by Vehumet.
  3260 | D:4      | Learned a level 1 spell: Magic Dart
  3447 | D:4      | Found Qitaneri's Distillery.
  3450 | D:4      | Bought a potion of might for 44 gold pieces
  3483 | D:4      | Found Egulaor's Antique Armour Shoppe.
  3715 | D:4      | Noticed an ogre
  3728 | D:4      | Reached skill level 4 in Unarmed Combat
  3728 | D:4      | Reached XP level 6. HP: 47/51 MP: 8/10
  4084 | D:4      | HP: 2/51 [centaur/arrow (9)]
  4089 | D:4      | Shot with an arrow by a centaur

Illustrated notes

Levels and vault maps discovered:
D:1:      lightli_arrival_noodles, layout_loops_ring,
          shapermc_ecumenical_altar_rom_forum
D:2:      minmay_spotlight, layout_basic, basic_altar,
          minmay_randomly_rotated_circles
D:3:      minmay_door_path, layout_basic, kennysheep_path_1
D:4:      layout_basic, nicolae_ru_awakened_eye, serial_shops,
          nicolae_shop_behind_doors, shop, grunt_ministairs_3, chequers_jeans,
          minmay_manual_mares

Skill      XL: |  1  2  3  4  5  6 |
---------------+-------------------+-----
Dodging        | 2 3 |  3.1
Fighting       | 2 3 |  3.3
Transmutations | 3 |  3.4
Spellcasting   | 3 |  3.2
Unarmed Combat | 4 |  4.1

Action                   |  1- 3 |  4- 6 || total
-------------------------+-------+-------++-------
Melee: Unarmed           |   108 |    71 ||   179
       Kick              |    24 |    25 ||    49
       Headbutt          |     7 |    14 ||    21
       Tailslap          |     7 |    10 ||    17
       Punch             |     3 |     3 ||     6
       Rapier            |       |    15 ||    15
       Short sword       |       |    44 ||    44
 Fire: Hunting sling     |       |     4 ||     4
 Cast: Beastly Appendage |    26 |    22 ||    48
       Wereblood         |       |     2 ||     2
  Use: Potion            |       |     3 ||     3
       Scroll            |       |     1 ||     1
 Stab: Sleeping          |     1 |     1 ||     2
Armor: Skin              |    34 |    74 ||   108
Dodge: Dodged            |    67 |   127 ||   194

Table legend: (Time is in decaauts)
 A = Elapsed time spent in this place.
 B = Non-inter-level travel time spent in this place.
 C = Inter-level travel time spent in this place.
 D = Time resting spent in this place.
 E = Time spent auto-exploring this place.
 F = Levels seen in this place.
 G = Mean time per level.
                   A        B        C        D        E       F      G
               +--------+--------+--------+--------+--------+-----+--------+
         Total |   4084 |   4002 |     82 |    518 |   2527 |   4 | 1021.0 |
       Dungeon |   4084 |   4002 |     82 |    518 |   2527 |   4 | 1021.0 |
               +--------+--------+--------+--------+--------+-----+--------+

Top non-repeatable levels by time:
     D:2: 1242 daAuts
     D:1: 1089 daAuts
     D:4: 952 daAuts
     D:3: 799 daAuts
